AoeStats
← adrazduarte

Arena

506958458Analyzed
1v1 RM · 15d ago on Sep 16, 2026· 31m 0s· 2 players
Game mode
Random Map
Map size
Tiny (2 player)
Population
200
Speed
Normal
Resources
Standard
Victory
Conquest
Starting age
Dark Age
Ending age
Imperial Age
RankedLock teamsTeams togetherTeam positionsShared explorationLock speedFull tech treeHidden civsTurbo modeCheats
Victory
Defeat
🇲🇽 Turks · Mexico
1210
+15
🇩🇪 Turks · Germany
1188
-15
_EA_Baer
10:40 Feudal Age
9:26 Loom
15:37 Castle Age
21:48 Scale Barding Armor
27:26 Wheelbarrow
30:02 Imperial Age
28:45 Padded Archer Armor
adrazduarte
10:17 Feudal Age
14:01 Double-Bit Axe
16:45 Castle Age
14:38 Horse Collar
20:56 Wheelbarrow
27:30 Imperial Age
26:47 Bloodlines
27:26 Husbandry
28:43 Loom
30:41 Scale Barding Armor
Connection lost

Rejoining the realm…

Still unreachable

The connection could not be restored.

Session expired

The server has moved on; the page needs a fresh start.